 Dungeon Crawl Stone Soup version 0.27-a0-345-g7370b58738 (webtiles) character file.

Game seed: 781312107242121868

98 Chiseanne the Sneak (level 4, 0/22 HPs)
             Began as a Spriggan Brigand on Feb 15, 2021.
             Slain by an iguana (10 damage)
             ... on level 4 of the Dungeon.
             The game lasted 00:05:18 (1381 turns).

Chiseanne the Sneak (Spriggan Brigand)              Turns: 1381, Time: 00:05:19

Health: 0/22       AC:  3    Str:  7    XL:     4   Next: 44%
Magic:  5/5        EV: 18    Int: 12    God:
Gold:   66         SH:  0    Dex: 17    Spells: 3/3 levels left

rFire    . . .     SeeInvis +   g - +1 falchion (holy)
rCold    . . .     Faith    .   (shield restricted)
rNeg     . . .     Spirit   .   b - +0 robe
rPois    .         Reflect  .   (helmet restricted)
rElec    .         Harm     .   c - +0 cloak
rCorr    +         Rampage  .   (gloves unavailable)
Will     .....                  (boots unavailable)
Stlth    ++++......             (no amulet)
HPRegen  0.07/turn              m - ring of resist corrosion
MPRegen  0.09/turn              (no ring)

@: very quick
A: very small, unfitting armour, see invisible, speed 3
a: no special abilities


You were on level 4 of the Dungeon.
You visited 1 branch of the dungeon, and saw 5 of its levels.

You collected 66 gold pieces.

Inventory:

Hand Weapons
 a - a +5 dagger of speed
 g - a +1 falchion of holy wrath (weapon)
 l - a +2 dagger
 p - a +3 hunting sling of flaming
Missiles
 d - 16 poisoned darts (quivered)
 e - 2 curare-tipped darts
 j - 80 stones
 k - 17 bolts
Armour
 b - a +0 robe (worn)
 c - a +0 cloak (worn)
Jewellery
 m - a ring of resist corrosion (left hand)
Scrolls
 f - a scroll of identify
 h - a scroll of magic mapping {unknown}
Potions
 o - a potion of curing {unknown}


   Skills:
 - Level 1.5 Fighting
 + Level 3.2 Short Blades
 - Level 2.0 Throwing
 + Level 3.0 Dodging
 * Level 7.6 Stealth


You had 3 spell levels left.
You didn't know any spells.
Your spell library was empty.

Dungeon Overview and Level Annotations

Branches:
Dungeon (5/15)
 Temple: D:4-7

Altars:
Elyvilon
Nemelex Xobeh
Trog
Vehumet
Wu Jian

Annotations:
D:3 exclusion: upstairs


Innate Abilities, Weirdness & Mutations

You are very small and have problems with some larger weapons.
You are too small for most types of armour.
You have supernaturally acute eyesight. (SInv)
You cover ground extremely quickly.


Message History

There is a stone staircase leading down here.
The jackal barks!
You hear a bark!
There is a stone staircase leading down here.
You climb downwards.
Found a broad axe.
There is a stone staircase leading up here.
A phantom is nearby!
You climb upwards.
Level annotation: exclusion: upstairs The frilled lizard bites you but does no damage.
The frilled lizard barely misses you.
There is a stone staircase leading down here.
You barely miss the frilled lizard.
The frilled lizard completely misses you.
You riposte.
You completely miss the frilled lizard. You miss the frilled lizard.
The frilled lizard barely misses you.
You hit the frilled lizard.
The frilled lizard is heavily wounded.
The frilled lizard bites you.
You miss the frilled lizard.
The frilled lizard is heavily wounded.
The frilled lizard bites you.
The frilled lizard completely misses you.
You riposte.
You closely miss the frilled lizard.
The frilled lizard is heavily wounded.
You hit the frilled lizard.
You kill the frilled lizard!
A goblin comes into view.
There is a stone staircase leading down here.
You climb downwards.
There is a stone staircase leading up here.
A centaur skeleton is nearby!
Found a scroll labelled EMEAMOPPAE.
h - a scroll labelled EMEAMOPPAE
There are no items here.
An iguana comes into view.
The helpless iguana fails to defend itself.
You hit the iguana but do no damage. The iguana completely misses you.
You riposte.
You hit the iguana but do no damage. The iguana bites you!
You die...

#.......# #.###.#
#.......#####.....#
#............Z#####
#.......####.##
######### #.# #.#
########.#
#......#.#
#@#....#.#
#l#......#
........###
##.####.# #.# #.#
#.. ..# ### ###


You could see an iguana.

Vanquished Creatures
  An orc priest (D:5)
  An orc wizard (D:4)
  An adder skeleton (D:4)
  3 dart slugs
  6 orcs
  2 ball pythons (D:2)
  4 goblins
  2 hobgoblins
  3 jackals (D:1)
  2 bats
  A frilled lizard (D:3)
  2 kobolds (D:3)
  A rat (D:3)
29 creatures vanquished.

Notes
Turn   | Place    | Note
-------+----------+-------------------------------------------
     0 | D:1      | Chiseanne the Spriggan Brigand began the quest for the Orb.
     0 | D:1      | Reached XP level 1. HP: 10/10 MP: 2/2
    88 | D:1      | Reached skill level 6 in Stealth
   120 | D:2      | Reached XP level 2. HP: 8/14 MP: 3/3
   413 | D:2      | Found a sparkling altar of Nemelex Xobeh.
   413 | D:2      | Found a bloodstained altar of Trog.
   426 | D:2      | Found a radiant altar of Vehumet.
   480 | D:3      | Found a white marble altar of Elyvilon.
   545 | D:3      | Reached XP level 3. HP: 12/18 MP: 4/4
   582 | D:2      | Found an ornate altar of the Wu Jian Council.
   724 | D:5      | Entered Level 5 of the Dungeon
   739 | D:5      | Reached skill level 7 in Stealth
   928 | D:4      | Reached XP level 4. HP: 22/22 MP: 5/5
  1194 | D:4      | Noticed a phantom
  1381 | D:4      | Slain by an iguana

Illustrated notes

Levels and vault maps discovered:
D:1:      ebering_trefoil_twist, layout_basic
D:2:      minmay_alternating_diamond, layout_loops_ring, vehumet_crystals,
          nicolae_overflow_hidden_temple, gammafunk_temple_overflow_elements
D:3:      layout_rooms, elyvilon_altar_4, nicolae_overflow_crystal_walls
D:4:      minmay_spotlight, layout_loops_cross
D:5:      layout_basic, old_standard_altar, uniq_duvessa

Skill      XL: |  1  2  3  4 |
---------------+-------------+-----
Stealth        | 6 7 |  7.6
Dodging        | 2 3 |  3.0
Short Blades   | 3 |  3.2
Fighting       | |  1.5
Throwing       | |  2.0

Action                   |  1- 3 |  4- 6 || total
-------------------------+-------+-------++-------
Melee: Dagger            |    74 |    14 ||    88
       Falchion          |       |     7 ||     7
Throw: Dart              |     1 |     8 ||     9
  Use: Scroll            |     7 |       ||     7
 Stab: Sleeping          |     9 |     1 ||    10
       Distracted        |     1 |     1 ||     2
Armor: Robe              |    10 |     2 ||    12
Dodge: Dodged            |    34 |    18 ||    52
       Rpst.: Falchion   |       |     6 ||     6

Table legend: (Time is in decaauts)
 A = Elapsed time spent in this place.
 B = Non-inter-level travel time spent in this place.
 C = Inter-level travel time spent in this place.
 D = Time resting spent in this place.
 E = Time spent auto-exploring this place.
 F = Levels seen in this place.
 G = Mean time per level.
                   A        B        C        D        E       F      G
               +--------+--------+--------+--------+--------+-----+--------+
         Total |   1110 |   1110 |      0 |    579 |     65 |   5 |  222.0 |
       Dungeon |   1110 |   1110 |      0 |    579 |     65 |   5 |  222.0 |
               +--------+--------+--------+--------+--------+-----+--------+

Top non-repeatable levels by time:
     D:4: 379 daAuts
     D:1: 344 daAuts
     D:5: 182 daAuts
     D:3: 142 daAuts
     D:2: 61 daAuts
